 Dungeon Crawl Stone Soup version 0.32-a0-818-gb728d0252e (webtiles) character file.

Game seed: 5919314894799067573

1570 AstroCodex24 the Chopper (level 8, -8/91 HPs)
             Began as a Vampire Fighter on Mar 23, 2024.
             Mangled by Duvessa
             ... wielding a +0 rapier
              (14 damage)
             ... on level 6 of the Dungeon.
             The game lasted 00:24:28 (4791 turns).

AstroCodex24 the Chopper (Vampire Fighter)          Turns: 4791, Time: 00:24:29

Health: -8/91      AC: 28    Str: 16    XL:     8   Next: 59%
Magic:  8/8        EV:  2    Int:  9    God:
Gold:   347        SH:  5    Dex: 18    Spells: 7/7 levels left

rFire   . . .        q - +2 war axe (elec)
rCold   . . .        c - +0 buckler
rNeg    . . .        i - melded +0 plate armour
rPois   +            n - melded +1 helmet
rElec   .            (cloak currently unavailable)
rCorr   +            (gloves currently unavailable)
SInv    +            (boots currently unavailable)
Will    .....        (no amulet)
Stlth   +            g - ring of resist corrosion
HPRegen 0.55/turn    p - +4 ring of protection
MPRegen 0.11/turn

%: no passive effects
@: tree-form, silenced, healing quickly
A: stationary, stasis, torment immunity, boosted hp, alive, (fangs 3), see
invisible, vampiric 2, agile 1, mutation resistance 1, (heat vulnerability 1)
a: Exsanguinate


You were on level 6 of the Dungeon.
You were a tree.
You visited 2 branches of the dungeon, and saw 7 of its levels.

You collected 347 gold pieces.

Inventory:

Hand Weapons
 b - a +3 morningstar
 q - a +2 war axe of electrocution (weapon)
 r - a +4 dire flail of freezing
Armour
 c - a +0 buckler (worn)
 i - a +0 plate armour (melded)
 n - a +1 helmet (melded)
Jewellery
 g - a ring of resist corrosion (left branch)
 o - a ring of wizardry
 p - a +4 ring of protection (right branch)
Scrolls
 a - a scroll of noise
 e - a scroll of poison
 h - 2 scrolls of vulnerability
 k - a scroll of fog
 s - a scroll of silence
 t - a scroll of teleportation
Potions
 d - a potion of might
 l - a potion of lignification
 m - a potion of heal wounds {unknown}


   Skills:
 + Level 4.6 Fighting
 + Level 7.1 Axes
 + Level 4.9 Armour
 + Level 1.5 Dodging
 + Level 0.2 Stealth
 + Level 4.2 Shields


You had 7 spell levels left.
You didn't know any spells.
Your spell library was empty.

Dungeon Overview and Level Annotations

Branches:
Dungeon (6/15)             Temple (1/1) D:6

Altars:
Ashenzari
Cheibriados
Dithmenos
Fedhas
Hepliaklqana
Kikubaaqudgha
Qazlal
Ru
Sif Muna
Trog
Uskayaw
Vehumet
Wu Jian
Xom
Yredelemnul

Annotations:
D:4 1 runed translucent door, RockinRobin's ghost, amateur FoFi
D:6 Duvessa


Innate Abilities, Weirdness & Mutations

You are a tree.
Your roots penetrate the ground, keeping you stationary.
You cannot be teleported.
You are immune to unholy pain and torment.
Your maximum health is greatly increased.
Your equipment is partially melded.
Your natural rate of healing is accelerated.
((You have razor-sharp teeth.))
You have supernaturally acute eyesight. (SInv)
You are afflicted with vampirism and can become a bat while bloodless.
You are agile. (Dex +4, Str/Int -1)
You are somewhat resistant to further mutation.
((You are vulnerable to heat. (rF-)))


Message History

Duvessa hits you with a +0 rapier. Dowan hits you but does no damage.
You slash Dowan! Your bite misses Dowan.
Dowan is heavily wounded.
You hit Duvessa. Duvessa hits you but does no damage.
Dowan hits you but does no damage.
You slash Dowan! Lightning courses through Dowan!
You kill Dowan!
Duvessa screams in rage.
Duvessa goes berserk!
You slash Duvessa! Duvessa hits you with a +0 rapier! x2
Your Axes skill increases to level 7!
You slash Duvessa!
Duvessa is heavily wounded.
Duvessa hits you with a +0 rapier! x2
* * * LOW HITPOINT WARNING * * *
You feel better. Duvessa hits you with a +0 rapier!
* * * LOW HITPOINT WARNING * * *
You hit Duvessa but do no damage. Lightning courses through Duvessa!
Your bite misses Duvessa.
Duvessa is severely wounded.
Duvessa hits you with a +0 rapier.
* * * LOW HITPOINT WARNING * * *
Duvessa hits you with a +0 rapier.
* * * LOW HITPOINT WARNING * * *
Read: 2 scrolls of silence
Press: ? - help, Q - select action, (/) - cycle Dir - look around, f - activate Look: Duvessa, wielding a +0 rapier and wearing a +0 leather armour (severely wounded, berserk)
As you read the scroll of silence, it crumbles to dust.
A profound silence engulfs you. Duvessa hits you with a +0 rapier.
* * * LOW HITPOINT WARNING * * *
Duvessa hits you with a +0 rapier.
* * * LOW HITPOINT WARNING * * *
It was a potion of lignification.
You turn into a tree.
Your +1 helmet melds into your body.
Your +0 plate armour melds into your body.
Your roots penetrate the ground.
Duvessa hits you but does no damage.
It was a potion of mutation.
You feel extremely strange.
You feel agile.
You feel vulnerable to heat.
You feel genetically stable. Duvessa hits you with a +0 rapier!
You die...

#######............
##.............
#########..............
#......#...............
#......#..÷............
#......#...............
#......#...............
#....).#..............<
#....e♣................
#####..................
#..............(...
####...........(...
#...............
#...............
#...>.[.........
#.....[...<.....
#......[........


You could see Duvessa (berserk).

Vanquished Creatures
  Grinder (D:6)
  A water moccasin (D:5)
  2 black bears (D:5)
  2 phantoms
  3 scorpions
  Dowan (D:6)
  3 wights (D:6)
  5 hounds
  2 jellies
  2 sleepcaps
  3 iguanas
  2 orc wizards
  Robin (D:3)
  An adder (D:4)
  A white imp (D:5)
  4 ufetubi (D:5)
  2 ribbon worms (D:2)
  2 dart slugs
  21 orcs
  7 ball pythons
  9 endoplasms
  3 giant cockroaches
  13 goblins
  4 hobgoblins
  5 kobolds
  4 bats
  3 frilled lizards
  4 rats
111 creatures vanquished.

Notes
Turn   | Place    | Note
-------+----------+-------------------------------------------
     0 | D:1      | AstroCodex24 the Vampire Fighter began the quest for the
                  | Orb.
     0 | D:1      | Reached XP level 1. HP: 17/17 MP: 1/1
   119 | D:1      | Reached skill level 2 in Axes
   119 | D:1      | Reached XP level 2. HP: 10/23 MP: 2/2
   480 | D:3      | Noticed Robin
   493 | D:3      | Gained mutation: You are afflicted with vampirism and can
                  | become a bat while bloodless. [Vampire growth]
   493 | D:3      | Reached XP level 3. HP: 16/28 MP: 3/3
   500 | D:3      | Killed Robin
   681 | D:4      | Noticed a scorpion
   692 | D:4      | Killed a scorpion
   693 | D:4      | Reached skill level 3 in Axes
   693 | D:4      | Reached XP level 4. HP: 23/35 MP: 4/4
   712 | D:4      | Reached XP level 5. HP: 15/41 MP: 5/5
   875 | D:4      | Found a shimmering blue altar of Sif Muna.
  1090 | D:4      | Noticed RockinRobin's ghost (amateur FoFi)
  1101 | D:4      | Found a runed translucent door.
  1165 | D:5      | Entered Level 5 of the Dungeon
  1165 | D:5      | Noticed a black bear
  1177 | D:5      | Killed a black bear
  1178 | D:5      | Reached skill level 4 in Axes
  2763 | D:3      | Found a faded altar of an unknown god.
  2930 | D:3      | Reached XP level 6. HP: 34/47 MP: 6/6
  3270 | D:3      | Found an ancient bone altar of Kikubaaqudgha.
  3616 | D:5      | HP: 2/48 [hound (3)]
  3624 | D:5      | Reached skill level 1 in Dodging
  3624 | D:5      | Reached XP level 7. HP: 18/53 MP: 7/7
  3800 | D:5      | Reached skill level 5 in Axes
  4185 | D:6      | Reached XP level 8. HP: 61/61 MP: 8/8
  4187 | D:6      | Noticed Grinder
  4195 | D:6      | Killed Grinder
  4196 | D:6      | Reached skill level 6 in Axes
  4268 | D:6      | Found a staircase to the Ecumenical Temple.
  4297 | Temple   | Entered the Ecumenical Temple
  4777 | D:6      | Noticed Duvessa
  4777 | D:6      | Noticed Dowan
  4784 | D:6      | Killed Dowan
  4785 | D:6      | Reached skill level 7 in Axes
  4789 | D:6      | HP: 3/61 [Duvessa/+0 rapier (5)]
  4791 | D:6      | Gained mutation: You are agile. (Dex +4, Str/Int -1)
                  | [potion of mutation]
  4791 | D:6      | Gained mutation: You are vulnerable to heat. (rF-) [potion
                  | of mutation]
  4791 | D:6      | Gained mutation: You are somewhat resistant to further
                  | mutation. [potion of mutation]
  4791 | D:6      | Mangled by Duvessa

Illustrated notes

Levels and vault maps discovered:
D:1:      wander_arrival_peaceful_grave, layout_basic, serial_bayou_lake_a
D:2:      layout_rooms, serial_aquarium, aquarium_bridge_island_small
          [aquarium_subvault_small_open, aquarium_subvault_bridge,
          aquarium_subvault_balcony, aquarium_subvault_bridge,
          aquarium_subvault_bridge], aquarium_bridge_square
          [aquarium_subvault_bridge, aquarium_subvault_wall,
          aquarium_subvault_bridge, aquarium_subvault_wall], aquarium_window_1,
          aquarium_window_corridor_3, aquarium_view_2d, aquarium_pool_five
D:3:      layout_basic, mainiacjoe_overflow_paths, mainiacjoe_overflow_alcove_4,
          basic_ecumenical_altar, wad_orctagon, uniq_robin
D:4:      layout_basic, kennysheep_mini_moat, hellmonk_ghost_happy_afterlife
D:5:      layout_rooms
D:6:      layout_basic, minmay_temple_entry_junction_2, uniq_grinder,
          uniq_duvessa
Temple:   regret_index_temple_waves

Skill      XL: |  1  2  3  4  5  6  7  8 |
---------------+-------------------------+-----
Axes           | 2 3 4 5 7 |  7.1
Fighting       | 3 4 |  4.6
Armour         | 3 4 |  4.9
Shields        | 3 4 |  4.2
Dodging        | 1 |  1.5
Stealth        | |  0.2

Action                     |  1- 3 |  4- 6 |  7- 9 || total
---------------------------+-------+-------+-------++-------
  Melee: War axe           |    69 |   126 |   110 ||   305
         Bite              |     7 |    16 |     6 ||    29
    Use: Scroll            |       |     7 |     7 ||    14
         Potion            |       |     1 |     5 ||     6
 Armour: Scale mail        |    29 |       |       ||    29
         Plate armour      |    82 |   205 |   146 ||   433
         Skin              |       |       |     2 ||     2
  Dodge: Dodged            |    27 |    40 |    29 ||    96
  Block: Buckler           |    20 |    39 |    33 ||    92

Table legend: (Time is in decaauts)
 A = Elapsed time spent in this place.
 B = Non-inter-level travel time spent in this place.
 C = Inter-level travel time spent in this place.
 D = Time resting spent in this place.
 E = Time spent auto-exploring this place.
 F = Levels seen in this place.
 G = Mean time per level.
                   A        B        C        D        E       F      G
               +--------+--------+--------+--------+--------+-----+--------+
         Total |   4925 |   4432 |    493 |      0 |      0 |   7 |  703.6 |
       Dungeon |   4760 |   4337 |    423 |      0 |      0 |   6 |  793.3 |
        Temple |    164 |     94 |     70 |      0 |      0 |   1 |  164.0 |
               +--------+--------+--------+--------+--------+-----+--------+

Top non-repeatable levels by time:
     D:3: 1210 daAuts
     D:1: 885 daAuts
     D:4: 708 daAuts
     D:5: 690 daAuts
     D:2: 681 daAuts
     D:6: 583 daAuts
  Temple: 164 daAuts
